 Dungeon Crawl Stone Soup version 0.29.0-4-gdea44cf6ec (webtiles) character file.

Game seed: 7468947964656668143

14697 qw the Brawler (level 11, -2/109 HPs)
             Began as a Troll Cinder Acolyte on Aug 30, 2022.
             Was an Initiate of Okawaru.
             Slain by a ten-headed hydra (4 damage)
             ... on level 3 of the Lair of Beasts.
             The game lasted 00:04:49 (9517 turns).

qw the Brawler (Troll Cinder Acolyte)               Turns: 9517, Time: 00:04:50

Health: -2/109     AC:  9    Str: 28    XL:     11   Next: 92%
Magic:  11/11      EV:  9    Int:  8    God:    Okawaru [......]
Gold:   591        SH:  5    Dex:  5    Spells: 12/12 levels left

rFire   . . .      SeeInvis .     - Unarmed
rCold   . . .      Faith    .   (no shield)
rNeg    . . .      Spirit   .   b - +0 steam dragon scales
rPois   +          Reflect  +   (helmet restricted)
rElec   .          Harm     .   (no cloak)
rCorr   +          Rampage  .   (gloves unavailable)
Will    .....                   (boots unavailable)
Stlth   +.........              g - amulet of reflection
HPRegen 1.08/turn               k - ring of resist corrosion
MPRegen 0.12/turn               o - ring of poison resistance

@: about to teleport, fire susceptible
A: large, unfitting armour, claws 3, regeneration 1, shaggy fur 1, tough skin 1,
iridescent scales 1, dopey 1
a: Renounce Religion


You were on level 3 of the Lair of Beasts.
You worshipped Okawaru.
Okawaru was noncommittal.
You visited 3 branches of the dungeon, and saw 12 of its levels.

You collected 591 gold pieces.


Innate Abilities, Weirdness & Mutations

You are too large for most types of armour.
You have claws for hands.
Your natural rate of healing is unusually fast.
You are covered in fur. (AC +1)
You have tough skin. (AC +1)
You are partially covered in iridescent scales. (AC +2)
You are dopey. (Int -2)


   Skills:
 - Level 7.0 Fighting
 - Level 2.0 Throwing
 - Level 2.8 Armour
 - Level 2.0 Dodging
 + Level 16.9 Unarmed Combat
 - Level 1.0 Spellcasting
 - Level 2.1 Fire Magic


You had 12 spell levels left.
You didn't know any spells.
Your spell library contained the following spells:

 Spells                   Type           Power      Damage    Failure   Level
 Scorch                   Fire           6%         2d5       24%         2

Inventory:

Missiles
 i - 4 boomerangs (quivered)
Armour
 b - +0 steam dragon scales (worn)
Jewellery
 g - an amulet of reflection (around neck)
 k - a ring of resist corrosion (left claw)
 n - a ring of ice
 o - a ring of poison resistance (right claw)
Scrolls
 a - 3 scrolls of identify
 h - 6 scrolls of teleportation
 q - 2 scrolls of enchant weapon
Potions
 c - 3 potions of heal wounds
 d - a potion of cancellation
 e - 7 potions of curing
 f - 2 potions of haste
 j - 4 potions of mutation

Dungeon Overview and Level Annotations

Branches:
Dungeon (8/15)             Temple (1/1) D:4            Lair (3/5) D:8
  Swamp (0/4) Lair:2
  Snake: Lair:2-3    Spider: Lair:2-3

Altars:
Ashenzari
Cheibriados
Gozag
Hepliaklqana
Kikubaaqudgha
Makhleb
Nemelex Xobeh
Okawaru
Qazlal
Ru
Sif Muna
Trog
Uskayaw
Vehumet
Yredelemnul
Zin
The Shining One
Lugonu

Shops:
D:8 *

Portals:
Abyss: Lair:1

Annotations:
Lair:3 1 runed translucent door


Message History

Press: ? - help, Q - select action Shift-Dir - straight line, f - eight-headed hydra You throw a boomerang.
The boomerang hits the eight-headed hydra.
The eight-headed hydra is lightly wounded.
Throw: 4 boomerangs
Press: ? - help, Q - select action Shift-Dir - straight line, f/p - eight-headed hydra You throw a boomerang.
The boomerang barely misses the eight-headed hydra.
Throw: 4 boomerangs
Press: ? - help, Q - select action Shift-Dir - straight line, f/p - eight-headed hydra You throw a boomerang.
The boomerang hits the eight-headed hydra.
The eight-headed hydra is lightly wounded.
You barely miss the eight-headed hydra.
The eight-headed hydra is lightly wounded.
You claw one of the eight-headed hydra's heads off!
The seven-headed hydra grows two more!
You eviscerate the nine-headed hydra!!!
The nine-headed hydra is heavily wounded.
The nine-headed hydra bites you but does no damage.
The nine-headed hydra bites you!
You block the nine-headed hydra's attack.
The nine-headed hydra bites you! x3; The nine-headed hydra bites you.
The nine-headed hydra barely misses you.
The nine-headed hydra bites you!
You claw one of the nine-headed hydra's heads off!
The eight-headed hydra grows two more!
You scratch the ten-headed hydra.
The ten-headed hydra is heavily wounded.
The ten-headed hydra bites you. The ten-headed hydra bites you!
The ten-headed hydra bites you but does no damage.
The ten-headed hydra closely misses you.
The ten-headed hydra bites you! The ten-headed hydra barely misses you.
The ten-headed hydra bites you but does no damage.
The ten-headed hydra bites you!
The ten-headed hydra bites you but does no damage.
The ten-headed hydra bites you!
9517 ||| READING 7 scrolls of teleportation.
As you read the scroll of teleportation, it crumbles to dust.
You feel strangely unstable. The ten-headed hydra bites you.
You die...

#..#.%.....P##....# ##.......
#...#.............### #....#..
#.##.............#..###.##...#
###......#...#..#...#...##..##
##......#....#...........#..
#..........#...............
##...##......##............
#...##...#..##......#....#
!......@......#.........
......D......PP.........
......##..#.....#.......
..#... ....#...##....... .....
......### ..... ........ ....
......... .... .......


You could see a ten-headed hydra.

Vanquished Creatures
  Rupert (Lair:3)
  A hydra (Lair:1)
  Erica (D:8)
  A bog body (Lair:2)
  2 wolf spiders (Lair:2)
  A black mamba (Lair:1)
  A torpor snail (Lair:3)
  Maggie (D:6)
  4 cane toads
  2 komodo dragons (Lair:2)
  A rime drake (Lair:1)
  A polar bear (Lair:3)
  4 blink frogs (Lair:1)
  15 yaks
  A basilisk (Lair:2)
  3 wargs (D:8)
  A swamp worm (Lair:2)
  10 water moccasins
  3 ice beasts
  An ogre (D:5)
  12 wolves
  2 black bears
  A centaur (D:8)
  2 phantoms
  2 kobold brigands (D:8)
  A necrophage (D:4)
  2 scorpions
  8 bullfrogs
  A gnoll sergeant (D:8)
  5 orc priests
  A gnoll bouda (D:5)
  2 hounds
  A jelly (D:5)
  Terence (D:2)
  4 iguanas
  9 orc wizards
  7 adders
  21 gnolls
  2 shadow imps
  2 ufetubi (D:5)
  A dart slug (D:3)
  17 orcs
  6 endoplasms
  10 hobgoblins
  4 jackals (D:2)
  5 quokkas
  9 ball pythons
  3 bats
  4 frilled lizards
  4 goblins
  13 kobolds
  7 rats
  A lurking horror (Lair:1)
225 creatures vanquished.

Vanquished Creatures (others)
  2 plants (Lair:2)
2 creatures vanquished.

Grand Total: 227 creatures vanquished

Notes
Turn   | Place    | Note
-------+----------+-------------------------------------------
     0 | D:1      | qw the Troll Cinder Acolyte began the quest for the Orb.
     0 | D:1      | Reached XP level 1. HP: 22/22 MP: 1/1
     0 | D:1      | 0 ||| qw: Version: 0.1-a-95-gae9e614
     0 | D:1      | 0 ||| qw: Game counter: 4429
     0 | D:1      | 0 ||| qw: Always use a shield: true
     0 | D:1      | 0 ||| qw: God list: Okawaru
     0 | D:1      | 0 ||| qw: Allow faded altars: false
     0 | D:1      | 0 ||| qw: Do Orc after D:15 true
     0 | D:1      | 0 ||| qw: Do second Lair branch before Depths: true
     0 | D:1      | 0 ||| qw: Lair rune preference: random
     0 | D:1      | 0 ||| qw: Plans: Normal
     0 | D:1      | 0 ||| PLANNING D:1-11
    37 | D:1      | 37 ||| Stepping ~*~*~tactically~*~*~ (stealth).
    38 | D:1      | 38 ||| Stepping ~*~*~tactically~*~*~ (stealth).
   106 | D:1      | 106 ||| Stepping ~*~*~tactically~*~*~ (stealth).
   184 | D:1      | Reached XP level 2. HP: 29/29 MP: 2/2
   265 | D:1      | 265 ||| Stepping ~*~*~tactically~*~*~ (stealth).
   267 | D:1      | 267 ||| Stepping ~*~*~tactically~*~*~ (outnumbered).
   349 | D:1      | 349 ||| Stepping ~*~*~tactically~*~*~ (stealth).
   422 | D:1      | Reached skill level 4 in Unarmed Combat
   435 | D:1      | 435 ||| Stepping ~*~*~tactically~*~*~ (stealth).
   438 | D:1      | 438 ||| Stepping ~*~*~tactically~*~*~ (stealth).
   477 | D:1      | Found a faded altar of an unknown god.
   567 | D:1      | 567 ||| DRINKING 2 smoky coppery potions.
   568 | D:1      | 568 ||| DRINKING 2 fuming pink potions.
   672 | D:1      | 672 ||| DROPPING potion of berserk rage.
   699 | D:2      | Noticed Terence
   707 | D:2      | 707 ||| Stepping ~*~*~tactically~*~*~ (outnumbered).
   708 | D:2      | 708 ||| Stepping ~*~*~tactically~*~*~ (outnumbered).
   709 | D:2      | 709 ||| Stepping ~*~*~tactically~*~*~ (outnumbered).
   710 | D:2      | 710 ||| Stepping ~*~*~tactically~*~*~ (outnumbered).
   711 | D:2      | 711 ||| Stepping ~*~*~tactically~*~*~ (outnumbered).
   712 | D:2      | 712 ||| Stepping ~*~*~tactically~*~*~ (outnumbered).
   713 | D:2      | 713 ||| Stepping ~*~*~tactically~*~*~ (outnumbered).
   714 | D:2      | 714 ||| Stepping ~*~*~tactically~*~*~ (outnumbered).
   716 | D:2      | Killed Terence
   717 | D:2      | Reached XP level 3. HP: 32/36 MP: 3/3
   991 | D:2      | Reached skill level 1 in Throwing
  1011 | D:2      | Reached XP level 4. HP: 44/44 MP: 4/4
  1506 | D:2      | 1506 ||| READING scroll labelled TUOCAFYETT.
  1507 | D:2      | 1507 ||| READING scroll labelled OKORPH HETIJ.
  1512 | D:2      | 1512 ||| READING scroll labelled YTUGEAR MEXZAO.
  1534 | D:2      | 1534 ||| DRINKING 2 fuming golden potions.
  1848 | D:3      | Reached skill level 5 in Unarmed Combat
  2181 | D:3      | 2181 ||| Stepping ~*~*~tactically~*~*~ (hiding).
  2410 | D:3      | 2410 ||| READING scroll labelled XEW WIMIUC.
  2411 | D:3      | 2411 ||| READING scroll labelled DUR DIORUTO.
  2412 | D:3      | 2412 ||| READING scroll labelled SUCHAR IMITO.
  2413 | D:3      | 2413 ||| DRINKING 2 ruby potions.
  2515 | D:4      | 2515 ||| INVOKING Fiery Armour.
  2517 | D:4      | 2517 ||| Stepping ~*~*~tactically~*~*~ (stealth).
  2537 | D:4      | 2537 ||| Stepping ~*~*~tactically~*~*~ (stealth).
  2547 | D:4      | 2547 ||| Stepping ~*~*~tactically~*~*~ (stealth).
  2564 | D:4      | 2564 ||| Stepping ~*~*~tactically~*~*~ (stealth).
  2568 | D:4      | Reached XP level 5. HP: 50/50 MP: 5/5
  2858 | D:4      | Noticed a phantom
  2865 | D:4      | Killed a phantom
  2866 | D:4      | Reached skill level 6 in Unarmed Combat
  2870 | D:4      | Found a sparkling altar of Nemelex Xobeh.
  2883 | D:4      | Found a snail-covered altar of Cheibriados.
  2970 | D:4      | Found a staircase to the Ecumenical Temple.
  3013 | D:4      | 3013 ||| UPGRADING to amulet of reflection.
  3018 | D:4      | 3018 ||| UPGRADING to ring of resist corrosion.
  3019 | D:4      | 3019 ||| READING scroll labelled NAKKUJENOE.
  3120 | D:4      | 3120 ||| DRINKING 3 white potions.
  3120 | D:4      | Gained mutation: You are dopey. (Int -2) [potion of
                  | mutation]
  3120 | D:4      | Gained mutation: You are partially covered in iridescent
                  | scales. (AC +2) [potion of mutation]
  3129 | D:5      | Entered Level 5 of the Dungeon
  3283 | D:5      | Reached XP level 6. HP: 56/59 MP: 6/6
  3345 | D:5      | 3345 ||| Stepping ~*~*~tactically~*~*~ (stealth).
  3351 | D:5      | 3351 ||| Stepping ~*~*~tactically~*~*~ (stealth).
  3366 | D:5      | Reached skill level 7 in Unarmed Combat
  3518 | D:5      | Noticed a yak
  3518 | D:5      | Noticed a yak
  3518 | D:5      | Noticed a yak
  3518 | D:5      | Noticed a yak
  3518 | D:5      | Noticed a yak
  3520 | D:5      | Noticed a yak
  3524 | D:5      | 3524 ||| Stepping ~*~*~tactically~*~*~ (outnumbered).
  3525 | D:5      | Killed a yak
  3526 | D:5      | Reached XP level 7. HP: 61/66 MP: 7/7
  3536 | D:5      | 3536 ||| INVOKING Fiery Armour.
  3539 | D:5      | Killed a yak
  3540 | D:5      | Reached skill level 8 in Unarmed Combat
  3543 | D:5      | Killed a yak
  3544 | D:5      | Reached skill level 3 in Fighting
  3547 | D:5      | Killed a yak
  3548 | D:5      | Reached skill level 9 in Unarmed Combat
  3552 | D:5      | Killed a yak
  3553 | D:5      | Reached XP level 8. HP: 24/75 MP: 8/8
  3703 | D:5      | 3703 ||| Stepping ~*~*~tactically~*~*~ (stealth).
  3706 | D:5      | 3706 ||| Stepping ~*~*~tactically~*~*~ (stealth).
  3715 | D:5      | 3715 ||| Stepping ~*~*~tactically~*~*~ (stealth).
  3717 | D:5      | 3717 ||| Stepping ~*~*~tactically~*~*~ (hiding).
  3720 | D:5      | 3720 ||| INVOKING Fiery Armour.
  3721 | D:5      | 3721 ||| Stepping ~*~*~tactically~*~*~ (outnumbered).
  3731 | D:5      | 3731 ||| Stepping ~*~*~tactically~*~*~ (outnumbered).
  3734 | D:5      | 3734 ||| Stepping ~*~*~tactically~*~*~ (outnumbered).
  3739 | D:5      | 3739 ||| Stepping ~*~*~tactically~*~*~ (outnumbered).
  3742 | D:5      | 3742 ||| Stepping ~*~*~tactically~*~*~ (outnumbered).
  3745 | D:5      | 3745 ||| Stepping ~*~*~tactically~*~*~ (outnumbered).
  4117 | D:5      | 4117 ||| DROPPING ring of wizardry.
  4118 | D:5      | 4118 ||| READING scroll labelled FUUWNE VUCER.
  4119 | D:5      | 4119 ||| DRINKING 2 puce potions.
  4120 | D:5      | 4120 ||| DROPPING potion of flight.
  4159 | D:5      | 4159 ||| STAIRDANCE
  4164 | D:4      | Reached skill level 10 in Unarmed Combat
  4170 | D:5      | 4170 ||| STAIRDANCE
  4307 | D:6      | Noticed Maggie
  4309 | D:6      | 4309 ||| FLEEEEING.
  4310 | D:6      | 4310 ||| FLEEEEING.
  4311 | D:6      | 4311 ||| FLEEEEING.
  4323 | D:6      | Killed Maggie
  4352 | D:6      | Reached skill level 11 in Unarmed Combat
  4352 | D:6      | Reached XP level 9. HP: 84/84 MP: 9/9
  4527 | D:6      | 4527 ||| Stepping ~*~*~tactically~*~*~ (hiding).
  4528 | D:6      | 4528 ||| Stepping ~*~*~tactically~*~*~ (hiding).
  5156 | D:6      | 5156 ||| UPGRADING to +0 steam dragon scales.
  5166 | D:6      | 5166 ||| DROPPING +0 robe.
  5167 | D:6      | 5167 ||| DROPPING amulet of the acrobat.
  5168 | D:6      | 5168 ||| READING scroll labelled ELIOLESEZI.
  5220 | D:7      | 5220 ||| Stepping ~*~*~tactically~*~*~ (hiding).
  5221 | D:7      | 5221 ||| Stepping ~*~*~tactically~*~*~ (hiding).
  5223 | D:7      | 5223 ||| Stepping ~*~*~tactically~*~*~ (hiding).
  5224 | D:7      | 5224 ||| Stepping ~*~*~tactically~*~*~ (hiding).
  5225 | D:7      | 5225 ||| Stepping ~*~*~tactically~*~*~ (hiding).
  5228 | D:7      | 5228 ||| Stepping ~*~*~tactically~*~*~ (hiding).
  5230 | D:7      | 5230 ||| INVOKING Fiery Armour.
  5231 | D:7      | 5231 ||| Stepping ~*~*~tactically~*~*~ (outnumbered).
  5238 | D:7      | Reached skill level 1 in Armour
  5261 | D:7      | 5261 ||| Stepping ~*~*~tactically~*~*~ (stealth).
  5262 | D:7      | 5262 ||| Stepping ~*~*~tactically~*~*~ (stealth).
  5264 | D:7      | 5264 ||| Stepping ~*~*~tactically~*~*~ (stealth).
  5281 | D:7      | 5281 ||| Stepping ~*~*~tactically~*~*~ (stealth).
  5285 | D:7      | 5285 ||| STAIRDANCE
  5353 | D:7      | 5353 ||| Stepping ~*~*~tactically~*~*~ (stealth).
  5363 | D:7      | Reached skill level 12 in Unarmed Combat
  5379 | D:7      | Found a hazy altar of Hepliaklqana.
  5392 | D:7      | 5392 ||| Stepping ~*~*~tactically~*~*~ (stealth).
  5637 | D:7      | 5637 ||| READING scroll labelled VUOMIOS GIAT.
  5679 | D:8      | 5679 ||| Stepping ~*~*~tactically~*~*~ (hiding).
  5680 | D:8      | 5680 ||| Stepping ~*~*~tactically~*~*~ (hiding).
  5800 | D:8      | Found Susibrih's Island Escapes.
  5816 | D:8      | 5816 ||| Stepping ~*~*~tactically~*~*~ (hiding).
  5818 | D:8      | 5818 ||| Stepping ~*~*~tactically~*~*~ (hiding).
  5819 | D:8      | 5819 ||| Stepping ~*~*~tactically~*~*~ (hiding).
  5820 | D:8      | 5820 ||| Stepping ~*~*~tactically~*~*~ (outnumbered).
  5821 | D:8      | 5821 ||| Stepping ~*~*~tactically~*~*~ (outnumbered).
  5822 | D:8      | 5822 ||| Stepping ~*~*~tactically~*~*~ (outnumbered).
  5823 | D:8      | 5823 ||| Stepping ~*~*~tactically~*~*~ (outnumbered).
  5824 | D:8      | 5824 ||| Stepping ~*~*~tactically~*~*~ (outnumbered).
  5825 | D:8      | 5825 ||| INVOKING Fiery Armour.
  5826 | D:8      | 5826 ||| Stepping ~*~*~tactically~*~*~ (outnumbered).
  5827 | D:8      | 5827 ||| Stepping ~*~*~tactically~*~*~ (outnumbered).
  5882 | D:8      | 5882 ||| Stepping ~*~*~tactically~*~*~ (stealth).
  5883 | D:8      | 5883 ||| Stepping ~*~*~tactically~*~*~ (stealth).
  5910 | D:8      | 5910 ||| Stepping ~*~*~tactically~*~*~ (outnumbered).
  5911 | D:8      | 5911 ||| Stepping ~*~*~tactically~*~*~ (outnumbered).
  5912 | D:8      | 5912 ||| Stepping ~*~*~tactically~*~*~ (outnumbered).
  5913 | D:8      | 5913 ||| Stepping ~*~*~tactically~*~*~ (outnumbered).
  5919 | D:8      | 5919 ||| Stepping ~*~*~tactically~*~*~ (outnumbered).
  5923 | D:8      | 5923 ||| Stepping ~*~*~tactically~*~*~ (outnumbered).
  5929 | D:8      | 5929 ||| Stepping ~*~*~tactically~*~*~ (outnumbered).
  5978 | D:8      | Found a staircase to the Lair.
  6041 | D:8      | Reached skill level 13 in Unarmed Combat
  6092 | D:8      | 6092 ||| Stepping ~*~*~tactically~*~*~ (stealth).
  6097 | D:8      | 6097 ||| Stepping ~*~*~tactically~*~*~ (stealth).
  6098 | D:8      | 6098 ||| Stepping ~*~*~tactically~*~*~ (stealth).
  6099 | D:8      | 6099 ||| Stepping ~*~*~tactically~*~*~ (stealth).
  6101 | D:8      | 6101 ||| Stepping ~*~*~tactically~*~*~ (outnumbered).
  6102 | D:8      | 6102 ||| INVOKING Fiery Armour.
  6103 | D:8      | 6103 ||| Stepping ~*~*~tactically~*~*~ (outnumbered).
  6104 | D:8      | 6104 ||| Stepping ~*~*~tactically~*~*~ (outnumbered).
  6105 | D:8      | 6105 ||| Stepping ~*~*~tactically~*~*~ (outnumbered).
  6106 | D:8      | 6106 ||| Stepping ~*~*~tactically~*~*~ (outnumbered).
  6107 | D:8      | 6107 ||| Stepping ~*~*~tactically~*~*~ (outnumbered).
  6108 | D:8      | 6108 ||| Stepping ~*~*~tactically~*~*~ (outnumbered).
  6109 | D:8      | 6109 ||| Stepping ~*~*~tactically~*~*~ (outnumbered).
  6114 | D:8      | Reached XP level 10. HP: 84/96 MP: 10/10
  6303 | D:8      | 6303 ||| Stepping ~*~*~tactically~*~*~ (outnumbered).
  6306 | D:8      | 6306 ||| Stepping ~*~*~tactically~*~*~ (outnumbered).
  6307 | D:8      | 6307 ||| Stepping ~*~*~tactically~*~*~ (outnumbered).
  6310 | D:8      | 6310 ||| Stepping ~*~*~tactically~*~*~ (outnumbered).
  6311 | D:8      | 6311 ||| FLEEEEING.
  6313 | D:8      | 6313 ||| Stepping ~*~*~tactically~*~*~ (outnumbered).
  6365 | D:8      | Noticed Erica
  6366 | D:8      | 6366 ||| Stepping ~*~*~tactically~*~*~ (hiding).
  6367 | D:8      | 6367 ||| Stepping ~*~*~tactically~*~*~ (hiding).
  6368 | D:8      | 6368 ||| Stepping ~*~*~tactically~*~*~ (hiding).
  6370 | D:8      | 6370 ||| INVOKING Fiery Armour.
  6380 | D:8      | 6380 ||| DRINKING 9 potions of curing.
  6380 | D:8      | 6380 ||| (to cure confusion)
  6381 | D:8      | Killed Erica
  6382 | D:8      | Reached skill level 14 in Unarmed Combat
  6403 | D:8      | 6403 ||| Stepping ~*~*~tactically~*~*~ (stealth).
  6405 | D:8      | 6405 ||| Stepping ~*~*~tactically~*~*~ (hiding).
  6409 | D:8      | 6409 ||| Stepping ~*~*~tactically~*~*~ (outnumbered).
  6411 | D:8      | 6411 ||| DRINKING 8 potions of curing.
  6411 | D:8      | 6411 ||| (to cure confusion)
  6414 | D:8      | 6414 ||| Stepping ~*~*~tactically~*~*~ (stealth).
  6600 | D:8      | Found a glowing golden altar of the Shining One.
  6699 | D:8      | 6699 ||| PLANNING LAIR
  6699 | D:8      | 6699 ||| UPGRADING to ring of poison resistance.
  6700 | D:8      | 6700 ||| READING scroll labelled JUMISCHEUTU.
  6701 | D:8      | 6701 ||| READING 2 scrolls of identify.
  6701 | D:8      | 6701 ||| IDENTIFYING pink potion
  6702 | D:8      | 6702 ||| DROPPING potion of brilliance.
  6703 | D:8      | 6703 ||| DROPPING potion of degeneration.
  6763 | Lair:1   | Entered Level 1 of the Lair of Beasts
  6809 | Lair:1   | You fall into a shaft and drop 1 floor!
  6811 | Lair:2   | Noticed a bog body
  6813 | Lair:2   | 6813 ||| Stepping ~*~*~tactically~*~*~ (hiding).
  6818 | Lair:2   | Killed a bog body
  6819 | Lair:2   | Reached skill level 6 in Fighting
  6922 | Lair:2   | Noticed a bog body
  6925 | Lair:2   | 6925 ||| INVOKING Fiery Armour.
  6926 | Lair:2   | HP: 22/98 [bog body/bolt of cold (27)]
  6927 | Lair:2   | 6927 ||| READING 8 scrolls of teleportation.
  6927 | Lair:2   | HP: 7/98 [swamp worm/harpoon shot (16)]
  6927 | Lair:2   | Found a staircase to the Swamp.
  6928 | Lair:2   | 6928 ||| DRINKING 4 potions of heal wounds.
  6995 | Lair:1   | Noticed a cane toad
  6998 | Lair:1   | 6998 ||| Stepping ~*~*~tactically~*~*~ (outnumbered).
  7005 | Lair:1   | Killed a cane toad
  7119 | Lair:1   | Noticed a black mamba
  7128 | Lair:1   | Killed a black mamba
  7129 | Lair:1   | Reached skill level 15 in Unarmed Combat
  7301 | Lair:1   | Found a one-way gate to the infinite horrors of the Abyss.
  7361 | Lair:1   | Found a corrupted altar of Lugonu.
  7533 | Lair:1   | Noticed a five-headed hydra
  7534 | Lair:1   | 7534 ||| INVOKING Fiery Armour.
  7540 | Lair:1   | Killed a seven-headed hydra
  7541 | Lair:1   | Reached XP level 11. HP: 95/105 MP: 11/11
  7672 | Lair:1   | 7672 ||| INVOKING Fiery Armour.
  7873 | Lair:1   | 7873 ||| READING scroll labelled TUNAIRE SIQU.
  7874 | Lair:1   | 7874 ||| READING scroll labelled UNKOBR BALUIFU.
  7875 | Lair:1   | 7875 ||| READING 3 scrolls of identify.
  7875 | Lair:1   | 7875 ||| IDENTIFYING murky emerald potion
  7876 | Lair:1   | 7876 ||| READING 2 scrolls of identify.
  7876 | Lair:1   | 7876 ||| IDENTIFYING lumpy inky potion
  7877 | Lair:1   | 7877 ||| DROPPING potion of magic.
  8094 | Lair:2   | Noticed a wolf spider
  8094 | Lair:2   | 8094 ||| Stepping ~*~*~tactically~*~*~ (stealth).
  8095 | Lair:2   | Noticed a wolf spider
  8095 | Lair:2   | 8095 ||| INVOKING Fiery Armour.
  8099 | Lair:2   | 8099 ||| Stepping ~*~*~tactically~*~*~ (outnumbered).
  8100 | Lair:2   | 8100 ||| Stepping ~*~*~tactically~*~*~ (outnumbered).
  8103 | Lair:2   | Killed a wolf spider
  8106 | Lair:2   | Reached skill level 16 in Unarmed Combat
  8114 | Lair:2   | Killed a wolf spider
  8487 | Lair:2   | 8487 ||| Stepping ~*~*~tactically~*~*~ (stealth).
  8492 | Lair:2   | 8492 ||| Stepping ~*~*~tactically~*~*~ (stealth).
  8493 | Lair:2   | 8493 ||| Stepping ~*~*~tactically~*~*~ (stealth).
  8494 | Lair:2   | 8494 ||| Stepping ~*~*~tactically~*~*~ (stealth).
  8495 | Lair:2   | 8495 ||| Stepping ~*~*~tactically~*~*~ (stealth).
  8788 | Lair:2   | 8788 ||| Stepping ~*~*~tactically~*~*~ (hiding).
  8869 | Lair:2   | 8869 ||| DROPPING amulet of magic regeneration.
  8870 | Lair:2   | 8870 ||| READING scroll labelled NIGYTIASAXT.
  8871 | Lair:2   | 8871 ||| DRINKING 2 viscous orange potions.
  8872 | Lair:2   | 8872 ||| DROPPING potion of attraction.
  8910 | Lair:3   | Found a runed translucent door.
  8970 | Lair:3   | 8970 ||| Stepping ~*~*~tactically~*~*~ (outnumbered).
  8971 | Lair:3   | 8971 ||| Stepping ~*~*~tactically~*~*~ (outnumbered).
  8990 | Lair:3   | 8990 ||| INVOKING Fiery Armour.
  9070 | Lair:3   | Noticed Rupert
  9074 | Lair:3   | 9074 ||| DRINKING 8 potions of curing.
  9074 | Lair:3   | 9074 ||| (to cure confusion)
  9082 | Lair:3   | Killed Rupert
  9143 | Lair:3   | 9143 ||| FLEEEEING.
  9144 | Lair:3   | 9144 ||| FLEEEEING.
  9147 | Lair:3   | 9147 ||| FLEEEEING.
  9148 | Lair:3   | 9148 ||| FLEEEEING.
  9150 | Lair:3   | 9150 ||| FLEEEEING.
  9152 | Lair:3   | 9152 ||| FLEEEEING.
  9153 | Lair:3   | 9153 ||| FLEEEEING.
  9154 | Lair:3   | 9154 ||| FLEEEEING.
  9155 | Lair:3   | 9155 ||| FLEEEEING.
  9156 | Lair:3   | 9156 ||| FLEEEEING.
  9157 | Lair:3   | 9157 ||| FLEEEEING.
  9158 | Lair:3   | 9158 ||| FLEEEEING.
  9159 | Lair:3   | 9159 ||| FLEEEEING.
  9160 | Lair:3   | 9160 ||| FLEEEEING.
  9161 | Lair:3   | 9161 ||| FLEEEEING.
  9162 | Lair:3   | 9162 ||| FLEEEEING.
  9163 | Lair:3   | 9163 ||| FLEEEEING.
  9172 | Lair:3   | 9172 ||| STAIRDANCE
  9174 | Lair:2   | 9174 ||| PLANNING TEMPLE
  9333 | Temple   | Entered the Ecumenical Temple
  9334 | Temple   | 9334 ||| PLANNING CONVERSION TO OKAWARU
  9339 | Temple   | Fell from the grace of Ignis
  9339 | Temple   | Became a worshipper of Warmaster Okawaru
  9340 | Temple   | 9340 ||| PLANNING LAIR
  9509 | Lair:3   | Noticed an eight-headed hydra
  9516 | Lair:3   | HP: 23/109 [ten-headed hydra (14)]
  9516 | Lair:3   | HP: 9/109 [ten-headed hydra (14)]
  9516 | Lair:3   | HP: 1/109 [ten-headed hydra (8)]
  9517 | Lair:3   | 9517 ||| READING 7 scrolls of teleportation.
  9517 | Lair:3   | Slain by a ten-headed hydra

Levels and vault maps discovered:
D:1:      lightli_iron_boxes, layout_rooms, nicolae_ecumenical_snake_handling
D:2:      layout_basic, hangedman_decor_peaks_small, uniq_terence
D:3:      kennysheep_big_flooded_room, layout_loops_corners
D:4:      layout_cave_pools, nicolae_overflow_squiral, temple_green
D:5:      layout_loops_corners, nicolae_fountain_basement
D:6:      layout_cave_pods, glass_columns_b, uniq_maggie
D:7:      layout_rooms, overflow_temple_1_default
D:8:      layout_gridville, tso_oasis_becter, erik_lair_orcish_takeover,
          enter_bailey_7, nicolae_lava_and_water, nicolae_island_escapes,
          uniq_erica
Temple:   nicolae_temple_x_marks_the_god
Lair:1:   layout_hall_layers, amcnicky_altar_lugonu_corruption
Lair:2:   layout_concentric_octagons, nicolae_swamp_entry_splash_gauntlet,
          wad_woods_road_06, minmay_holes, nicolae_lair_run_with_the_wolves
Lair:3:   layout_hall_layers, minmay_snake_entry_guardpost_medium,
          ebering_ghost_funeral_grove, fungi_pond_lemuel, minivault_26,
          minivault_26, eino_house_with_fridge, grunt_megastairs_3, uniq_rupert

Skill      XL: |  1  2  3  4  5  6  7  8  9 10 11 |
---------------+----------------------------------+-----
Unarmed Combat | 4 5 6 7 9 11 13 15 16 | 16.9
Throwing       | 1 2 |  2.0
Fighting       | 3 4 5 6 7 |  7.0
Dodging        | 2 |  2.0
Armour         | 1 2 |  2.8
Spellcasting   | |  1.0
Fire Magic     | |  2.1

Action                   |  1- 3 |  4- 6 |  7- 9 | 10-12 || total
-------------------------+-------+-------+-------+-------++-------
Melee: Unarmed           |    84 |   102 |   224 |   209 ||   619
       Punch             |       |       |    10 |    14 ||    24
Throw: Javelin           |     7 |    27 |       |       ||    34
       Boomerang         |       |       |       |    33 ||    33
Invok: Fiery Armour      |       |     1 |     5 |     6 ||    12
  Use: Potion            |     2 |     3 |     1 |     5 ||    11
       Scroll            |       |     7 |     3 |     9 ||    19
Armor: Robe              |    15 |    38 |    27 |       ||    80
       Steam dragon scal |       |       |    60 |    62 ||   122
Dodge: Dodged            |    25 |    37 |    61 |    74 ||   197
Block: Other             |       |     8 |    49 |    43 ||   100
       Reflection        |       |       |     3 |     1 ||     4

Table legend:
 A = Non-vault XP
 B = Vault XP
 C = Vault XP percentage of total XP
 D = Non-vault monster count
 E = Vault monster count
 F = Vault count percentage of total count
                 A         B        C        D         E       F
            +---------+---------+-------+---------+---------+-------
      Total |   14636 |    6361 |  30.3 |     192 |      32 |  14.3
            +---------+---------+-------+---------+---------+-------
        D:1 |      34 |       3 |   8.1 |      24 |       2 |   7.7
        D:2 |      42 |      36 |  46.2 |      11 |       1 |   8.3
        D:3 |      18 |       4 |  18.2 |      10 |       2 |  16.7
        D:4 |     206 |     102 |  33.1 |      12 |       2 |  14.3
        D:5 |    1557 |     193 |  11.0 |      28 |       1 |   3.4
        D:6 |     810 |     398 |  32.9 |      13 |       1 |   7.1
        D:7 |     497 |       0 |   0.0 |      20 |       0 |   0.0
        D:8 |    2095 |    1523 |  42.1 |      32 |      14 |  30.4
     Lair:1 |    4942 |       0 |   0.0 |      20 |       0 |   0.0
     Lair:2 |    3157 |    2376 |  42.9 |      15 |       8 |  34.8
     Lair:3 |    1278 |    1726 |  57.5 |       7 |       1 |  12.5
            +---------+---------+-------+---------+---------+-------
